Map: Abyssal Reef LE

Players

Pelden

  • Race: Zerg Zerg
  • Spawn Location: 5:00

Loken - Winner!

  • Race: Protoss Protoss
  • League: Platinum
  • Spawn Location: 11:00

VOD

Have the link to the VOD?

Description

Time

  • Played on: April 7, 2017, 1:35 p.m.
  • Length: 15:54
Show
View Real Time Build Order
Export as new Build Order

Pelden Zerg 

Build Orders: Pool First 

Get SALT Encoding   

  12  0:01  Drone  
  13  0:13  Overlord  
  13  0:17  Drone  
  14  0:28  Drone, Extractor  
  13  0:32  Drone  
  16  0:43  Spawning Pool  
  16  0:46  Drone  
  17  0:50  Drone  
  17  1:12  Hatchery  
  17  1:14  Drone  
  17  1:29  Queen  
  17  1:31  Zergling x2  
  17  1:32  Drone  
  21  1:45  Overlord  
  21  1:46  Drone  
  22  2:04  Drone x2  
  24  2:10  Extractor  
  24  2:14  Drone  
  24  2:17  Queen  
  26  2:24  Overlord  
  26  2:38  Drone x3  
  26  2:39  Zergling x2  
  26  2:41  Drone  
  26  2:42  Drone  
  32  2:57  Roach Warren  
  30  3:04  Drone x2  
  32  3:12  Drone  
  33  3:13  Drone x2  
  33  3:17  Extractor  
  34  3:22  Spine Crawler  
  34  3:25  Drone x2  
  34  3:26  Drone x2  
  37  3:38  Lair  
  37  3:43  Roach x3  
  37  3:44  Overlord  
  37  3:46  Overlord  
  43  3:49  Extractor  
  43  3:50  Overlord  
  42  4:00  Overlord  
  42  4:13  Drone x4  
  42  4:15  Roach x3  
  52  4:25  Roach x4  
  52  4:26  Roach, Overlord  
  62  4:34  Drone x2, Evolution Chamber  
  62  4:37  Overlord  
  63  4:41  Drone  
  64  4:47  Glial Reconstitution  
  64  4:51  Roach x2  
  68  4:56  Roach x2  
  68  4:58  Drone  
  73  5:06  Roach x3  
  79  5:13  Roach  
  81  5:15  Roach x2  
  85  5:25  Roach  
  85  5:26  Roach x2  
  85  5:28  Overlord  
  86  5:42  Queen  
  84  5:46  Drone x2, Spore Crawler  
  84  5:48  Drone x3  
  88  5:54  Drone  
  89  6:08  Drone x2  
  91  6:14  Hatchery  
  74  6:36  Roach x2  
  74  6:37  Roach x6  
  68  6:42  Hydralisk Den  
  68  6:45  Drone x2  
  65  7:19  Roach, Hydralisk  
  65  7:20  Roach, Hydralisk x3  
  77  7:23  Zerg Missile Weapons Level 1  
  77  7:25  Drone  
  77  7:28  Drone  
  79  7:30  Queen  
  79  7:31  Overlord  
  79  7:34  Drone  
  82  7:44  Drone  
  83  7:48  Extractor  
  82  7:51  Drone x2  
  82  7:55  Drone x2  
  86  7:59  Overlord  
  86  8:01  Hydralisk  
  86  8:02  Hydralisk  
  90  8:21  Hydralisk  
  90  8:22  Hydralisk x6  
  90  8:23  Roach  
  90  8:24  Roach  
  108  8:32  Muscular Augments  
  108  8:40  Hydralisk x4  
  106  8:46  Roach  
  74  9:03  Hydralisk x2  
  74  9:04  Hydralisk  
  80  9:10  Drone x2  
  80  9:11  Drone  
  80  9:12  Drone x2  
  80  9:15  Extractor  
  84  9:26  Roach x6  
  84  9:27  Roach  
  98  9:48  Hatchery  
  98  9:52  Drone x2  
  99  9:54  Drone x2  
  99  9:57  Spine Crawler  
  99  9:59  Roach x4  
  108  10:10  Ravager  
  108  10:12  Lurker Den  
  110  10:14  Drone  
  112  10:35  Roach, Hydralisk  
  112  10:36  Roach, Drone x2  
  112  10:37  Drone x2  
  120  10:44  Spine Crawler, Drone x3  
  120  10:46  Overlord  
  120  10:47  Spine Crawler  
  120  10:49  Overlord  
  121  10:56  Extractor  
  120  11:01  Hydralisk  
  120  11:02  Roach x3  
  128  11:08  Zerg Missile Weapons Level 2  
  128  11:20  Roach, Hydralisk x2  
  128  11:21  Roach, Hydralisk  
  138  11:26  Overlord  
  138  11:34  Drone x3  
  141  11:44  Roach, Hydralisk  
  145  11:47  Lurker x2  
  145  11:52  Tunneling Claws  
  147  11:56  Burrow  
  147  12:08  Spine Crawler  
  146  12:19  Roach x3  
  96  12:31  Roach x6, Hydralisk x3  
  92  12:41  Roach  
  84  12:51  Roach  
  84  12:54  Roach x2  
  67  13:01  Roach  
  56  13:08  Drone x3  
  50  13:13  Drone x3, Roach Warren  
  50  13:20  Drone  
  50  13:23  Hydralisk x2  
  50  13:24  Hydralisk x2  
  50  13:27  Hatchery, Roach  
  43  13:36  Overlord  
  43  13:38  Roach  
  45  13:44  Drone, Extractor  
  45  13:45  Spine Crawler, Drone x2  
  45  13:49  Roach  
  28  14:10  Roach x2  
  29  14:22  Spawning Pool  
  28  14:27  Roach  
  28  14:28  Roach x2  
  34  14:42  Overlord  
  34  14:49  Roach  
  34  14:50  Roach x3  
  42  15:01  Drone x2  
  42  15:03  Overlord  
  44  15:20  Drone  
  44  15:25  Roach  
  44  15:26  Roach x2  
Show
View Real Time Build Order
Export as new Build Order

Loken Protoss - Winner!

Build Orders: 1 Gate Expand 

Get SALT Encoding   

  12  0:01  Probe (Chrono Boost)  
  13  0:11  Probe (Chrono Boost)  
  14  0:19  Pylon  
  14  0:23  Probe (Chrono Boost)  
  15  0:38  Probe (Chrono Boost)  
  15  0:40  Gateway  
  16  0:48  Probe (Chrono Boost)  
  17  0:51  Assimilator  
  17  0:59  Probe (Chrono Boost)  
  18  1:09  Probe (Chrono Boost)  
  19  1:20  Probe (Chrono Boost)  
  20  1:31  Nexus  
  20  1:41  Cybernetics Core  
  20  1:45  Pylon  
  20  1:49  Probe (Chrono Boost)  
  21  1:57  Assimilator  
  21  2:00  Probe (Chrono Boost)  
  22  2:06  Pylon  
  22  2:11  Probe (Chrono Boost)  
  23  2:18  Stalker  
  23  2:19  Warp Gate  
  23  2:22  Probe (Chrono Boost)  
  26  2:40  Mothership Core (Chrono Boost)  
  28  2:45  Probe (Chrono Boost)  
  28  2:48  Pylon  
  29  2:56  Probe (Chrono Boost)  
  30  2:59  Gateway  
  30  3:00  Gateway  
  30  3:04  Probe (Chrono Boost)  
  31  3:09  Probe (Chrono Boost)  
  32  3:15  Probe (Chrono Boost)  
  33  3:20  Probe (Chrono Boost)  
  33  3:24  Stargate  
  33  3:25  Assimilator  
  33  3:26  Probe (Chrono Boost)  
  35  3:27  Assimilator  
  35  3:35  Zealot  
  37  3:41  Pylon  
  37  3:44  Probe (Chrono Boost)  
  37  3:45  Probe (Chrono Boost)  
  39  3:55  Probe (Chrono Boost)  
  40  3:56  Probe (Chrono Boost)  
  40  3:58  Pylon  
  40  4:00  Pylon  
  41  4:05  Probe (Chrono Boost)  
  46  4:12  Oracle  
  45  4:29  Stalker x2  
  49  4:32  Stalker  
  51  4:41  Forge  
  51  4:48  Robotics Facility  
  51  4:50  Probe (Chrono Boost)  
  52  4:54  Probe (Chrono Boost)  
  52  4:57  Void Ray  
  57  5:00  Probe (Chrono Boost)  
  57  5:04  Probe (Chrono Boost)  
  59  5:09  Stalker x2  
  59  5:12  Stalker  
  65  5:15  Probe (Chrono Boost)  
  66  5:49  Stalker x3  
  72  5:52  Protoss Ground Weapons Level 1  
  72  5:54  Immortal  
  72  5:57  Void Ray  
  76  5:58  Probe (Chrono Boost)  
  76  6:01  Probe (Chrono Boost)  
  82  6:05  Pylon  
  82  6:09  Probe (Chrono Boost)  
  83  6:12  Probe (Chrono Boost)  
  84  6:19  Probe (Chrono Boost)  
  79  6:31  Stalker  
  79  6:32  Stalker x2  
  70  6:51  Immortal  
  70  6:54  Pylon  
  74  7:02  Stalker x2  
  74  7:03  Stalker  
  74  7:05  Pylon  
  74  7:07  Pylon  
  80  7:13  Nexus  
  80  7:20  Void Ray  
  84  7:30  Immortal  
  84  7:32  Stalker x2  
  84  7:33  Stalker  
  91  8:13  Stalker x3  
  97  8:21  Gateway x2  
  97  8:24  Gateway  
  97  8:27  Photon Cannon x2  
  97  8:29  Probe (Chrono Boost)  
  97  8:31  Photon Cannon  
  98  8:39  Probe (Chrono Boost)  
  91  8:50  Probe (Chrono Boost)  
  76  9:04  Stalker x3  
  82  9:14  Fleet Beacon  
  82  9:18  Stargate  
  82  9:28  Assimilator  
  82  9:32  Assimilator  
  82  9:38  Twilight Council  
  82  9:39  Protoss Ground Armor Level 1  
  82  9:50  Observer  
  83  9:58  Stalker x5  
  83  9:59  Stalker  
  95  10:04  Carrier  
  95  10:05  Carrier, Protoss Air Weapons Level 1  
  95  10:09  Probe (Chrono Boost)  
  108  10:14  Graviton Catapult  
  108  10:19  Probe (Chrono Boost)  
  109  10:27  Observer  
  110  10:30  Stalker x4, Probe (Chrono Boost)  
  119  11:00  Stalker x4  
  119  11:01  Stalker x2  
  131  11:12  Pylon x2  
  131  11:14  Pylon  
  131  11:19  Carrier x2  
  143  12:03  Stalker  
  143  12:04  Stalker x5  
  135  12:39  Stalker  
  135  12:40  Stalker x5  
  123  13:38  Stalker x2  
  123  13:39  Stalker x4  
  135  13:51  Carrier  
  135  13:52  Carrier  
  147  14:55  Zealot x3  
  147  14:56  Zealot x2  
Tags
 
Add a new tag
Caveats
  • Supply blocks, unpowered buildings, or Contaminate may cause inaccurate times.
  • Supply counts are checked every 10 seconds.